 Dungeon Crawl Stone Soup version 0.31-a0-210-gccc998df9b (webtiles) character file.

Game seed: 5460418102612568086

41 qw the Chopper (level 3, -1/23 HPs)
             Began as a Gargoyle Fighter on June 30, 2023.
             Slain by Terence
             ... wielding a +1 short sword of distortion
              (4 damage)
             ... on level 2 of the Dungeon.
             The game lasted 00:00:31 (1015 turns).

qw the Chopper (Gargoyle Fighter)                   Turns: 1015, Time: 00:00:32

Health: -1/23      AC: 10    Str: 21    XL:     3   Next: 52%
Magic:  3/3        EV:  9    Int:  8    God:
Gold:   76         SH:  4    Dex:  9    Spells: 2/2 levels left

rFire   . . .        Y - +0 war axe
rCold   . . .        c - +0 buckler
rNeg    + . .        b - +0 scale mail
rPois   inf          (no helmet)
rElec   +            (no cloak)
rCorr   .            (no gloves)
SInv    +            (no boots)
Will    .....        (no amulet) Stlth
                     l - ring of see invisible
HPRegen 0.23/turn    (no ring)
MPRegen 0.08/turn

%: no passive effects
@: no status effects
A: sickness immunity, AC +3, negative energy resistance 1, electricity
resistance, torment resistance 1, petrification resistance
a: no special abilities


You were on level 2 of the Dungeon.
You visited 1 branch of the dungeon, and saw 2 of its levels.

You collected 76 gold pieces.


Innate Abilities, Weirdness & Mutations

You are immune to sickness and miasma.
Your stone body is resilient. (AC +3)
You are immune to poison.
You resist negative energy. (rN+)
You are resistant to electric shocks. (rElec)
You are resistant to unholy torment.
You are immune to petrification.


   Skills:
 - Level 3.2 Fighting
 + Level 3.4 Axes
 - Level 3.2 Armour
 - Level 3.2 Shields


You had 2 spell levels left.
You didn't know any spells.
Your spell library was empty.

Inventory:

Hand Weapons
 f - a +0 whip
 Y - a +0 war axe (weapon)
Armour
 b - a +0 scale mail (worn)
 c - a +0 buckler (worn)
Jewellery
 l - a ring of see invisible (left hand)
Scrolls
 a - a scroll of identify
Potions
 d - a potion of might
 e - a potion of invisibility {unknown}
 g - 2 potions of curing {unknown}
 h - a potion of berserk rage {unknown}
 j - a potion of magic {unknown}

Dungeon Overview and Level Annotations

Branches:
Dungeon (2/15)

Altars:

Annotations:
D:2 Terence


Message History

Found a ring of poison resistance.
Found a spear.
A hobgoblin comes into view.
The hobgoblin shouts!
An endoplasm comes into view.
988 ||| Stepping ~*~*~tactically~*~*~ (stealth).
989 ||| Stepping ~*~*~tactically~*~*~ (stealth).
The endoplasm quivers.
You closely miss the hobgoblin. The hobgoblin closely misses you.
The endoplasm jiggles.
You barely miss the hobgoblin. The hobgoblin misses you.
You hit the hobgoblin.
The hobgoblin is almost dead.
The hobgoblin hits you. The endoplasm closely misses you.
You block the hobgoblin's attack.
You slash the hobgoblin!
You kill the hobgoblin!
You hit the endoplasm.
You kill the endoplasm!
You start resting.
HP restored.
Terence the Incautious comes into view.
He is wielding a +1 short sword of distortion.
Terence shouts!
You hear a shout!
A kobold comes into view. It is wielding a +0 club.
1010 ||| Stepping ~*~*~tactically~*~*~ (hiding).
You hit Terence.
Terence is moderately wounded.
Terence barely misses you.
You closely miss Terence.
Terence is moderately wounded.
Terence shouts, "Now you die!" Terence hits you but does no damage.
Space warps horribly around you!!
Ouch! That really hurt!
Terence barely misses you.
You hit Terence but do no damage.
Terence is moderately wounded.
Terence hits you but does no damage. Space warps around you.
You die...

# # #K#.# #. # ....
.... # . ...# #.#.#
####.# ..... ........
.....# .#.#J. ..#.#.#
###### #!..... #K?... #
#.#....##@#.# #######
#.......@...#
......###.#.#)#.#.###
#####.##........=.###.#
# #......#.#.#.......#
# #..# #.........#####
# #..# #.#.#.#..## #
#..# #.......##
#..###.#..#.##
####..##.......#


You could see Terence and a kobold.

Vanquished Creatures
  A dart slug (D:1)
  5 ball pythons (D:1)
  5 endoplasms
  3 giant cockroaches (D:1)
  3 goblins (D:1)
  3 hobgoblins
  4 jackals (D:1)
  2 kobolds (D:1)
  A quokka (D:1)
  2 frilled lizards (D:1)
  4 rats (D:1)
33 creatures vanquished.

Notes
Turn   | Place    | Note
-------+----------+-------------------------------------------
     0 | D:1      | qw the Gargoyle Fighter began the quest for the Orb.
     0 | D:1      | Reached XP level 1. HP: 14/14 MP: 1/1
     0 | D:1      | 0 ||| qw: Version: 0.3-a-26-gee661ec
     0 | D:1      | 0 ||| qw: Game counter: 7150
     0 | D:1      | 0 ||| qw: Melee chars always use a shield: true
     0 | D:1      | 0 ||| qw: God list: Okawaru
     0 | D:1      | 0 ||| qw: Allow faded altars: false
     0 | D:1      | 0 ||| qw: Do Orc after clearing Dungeon:15 true
     0 | D:1      | 0 ||| qw: Do second Lair branch before Depths: true
     0 | D:1      | 0 ||| qw: Lair rune preference: random
     0 | D:1      | 0 ||| qw: Goals: Normal, Zot:1-4, Slime:5, God:TSO, Crypt,
                  | Tomb, Abyss, Pan, Hells, Win
     0 | D:1      | 0 ||| PLANNING D:1-11
    95 | D:1      | Reached XP level 2. HP: 19/19 MP: 2/2
   125 | D:1      | 125 ||| DROPPING +0 club.
   294 | D:1      | Found a faded altar of an unknown god.
   319 | D:1      | Reached skill level 3 in Axes
   322 | D:1      | Reached XP level 3. HP: 21/23 MP: 3/3
   404 | D:1      | 404 ||| Stepping ~*~*~tactically~*~*~ (stealth).
   405 | D:1      | 405 ||| Stepping ~*~*~tactically~*~*~ (stealth).
   407 | D:1      | 407 ||| Stepping ~*~*~tactically~*~*~ (stealth).
   533 | D:1      | 533 ||| Stepping ~*~*~tactically~*~*~ (hiding).
   535 | D:1      | 535 ||| Stepping ~*~*~tactically~*~*~ (hiding).
   893 | D:1      | 893 ||| UPGRADING to ring of see invisible.
   894 | D:1      | 894 ||| READING 2 scrolls labelled SUSMUSCH HESMO.
   895 | D:1      | 895 ||| READING scroll labelled ZOLIUREHITS.
   896 | D:1      | 896 ||| READING scroll labelled VIL XITEISULEA.
   988 | D:2      | 988 ||| Stepping ~*~*~tactically~*~*~ (stealth).
   989 | D:2      | 989 ||| Stepping ~*~*~tactically~*~*~ (stealth).
  1008 | D:2      | Noticed Terence
  1010 | D:2      | 1010 ||| Stepping ~*~*~tactically~*~*~ (hiding).
  1014 | D:2      | HP: 3/23 [Terence/+1 short sword of distortion (20)]
  1015 | D:2      | Slain by Terence

Levels and vault maps discovered:
D:1:      wander_arrival_estate, layout_loops_ring,
          chequers_ecumenical_altar_simple_redux, st_stairs_1
D:2:      layout_loops_ring, hangedman_decor_riveting, uniq_terence

Skill      XL: |  1  2 |
---------------+-------+-----
Axes           | 2 3 |  3.4
Fighting       | |  3.2
Armour         | |  3.2
Shields        | |  3.2

Action                     || total
---------------------------++-------
  Melee: War axe           ||    90
    Use: Scroll            ||     3
 Armour: Scale mail        ||    60
  Dodge: Dodged            ||    40
  Block: Buckler           ||    12

Table legend:
 A = Non-vault XP
 B = Vault XP
 C = Vault XP percentage of total XP
 D = Non-vault monster count
 E = Vault monster count
 F = Vault count percentage of total count
                 A         B        C        D         E       F
            +---------+---------+-------+---------+---------+-------
      Total |      57 |       2 |   3.4 |      31 |       2 |   6.1
            +---------+---------+-------+---------+---------+-------
        D:1 |      53 |       2 |   3.6 |      29 |       2 |   6.5
        D:2 |       4 |       0 |   0.0 |       2 |       0 |   0.0
            +---------+---------+-------+---------+---------+-------
